 Dungeon Crawl Stone Soup version 0.31-a0-819-gf6de2f5ab6 (webtiles) character file.

Game seed: 363461425774128967

1640 qw the Skirmisher (level 8, -3/51 HPs)
             Began as a Gargoyle Hunter on Sept 23, 2023.
             Slain by a two-headed ogre
             ... wielding a +0 giant club
              (17 damage)
             ... on level 6 of the Dungeon.
             The game lasted 00:01:47 (4399 turns).

qw the Skirmisher (Gargoyle Hunter)                 Turns: 4399, Time: 00:01:47

Health: -3/51      AC: 19    Str: 14    XL:     8   Next: 99%
Magic:  8/8        EV: 11    Int: 11    God:
Gold:   194        SH:  0    Dex: 15    Spells: 7/7 levels left

rFire   . . .        Y - +1 triple crossbow (flame)
rCold   . . .        (shield currently unavailable)
rNeg    + + .        g - +0 ring mail
rPois   inf          e - +0 helmet
rElec   +            h - +0 cloak
rCorr   .            m - +0 pair of gloves
SInv    .            a - +0 pair of boots
Will    .....        (no amulet)
Stlth   +            f - +4 ring of protection
HPRegen 0.28/turn    k - ring of positive energy
MPRegen 0.11/turn

%: no passive effects
@: no status effects
A: sickness immunity, AC +5, negative energy resistance 1, electricity
resistance, torment resistance 1, petrification resistance
a: no special abilities


You were on level 6 of the Dungeon.
You visited 1 branch of the dungeon, and saw 6 of its levels.

You collected 404 gold pieces.
You spent 210 gold pieces at shops.


Innate Abilities, Weirdness & Mutations

You are immune to sickness and miasma.
Your stone body is resilient. (AC +5)
You are immune to poison.
You resist negative energy. (rN+)
You are resistant to electric shocks. (rElec)
You are resistant to unholy torment.
You are immune to petrification.


   Skills:
 - Level 6.0 Fighting
 - Level 10.0 Ranged Weapons
 + Level 3.1 Armour
 - Level 2.1 Dodging
 - Level 1.1 Stealth


You had 7 spell levels left.
You didn't know any spells.
Your spell library was empty.

Inventory:

Hand Weapons
 Y - a +1 triple crossbow of flaming (weapon)
Armour
 a - a +0 pair of boots (worn)
 e - a +0 helmet (worn)
 g - a +0 ring mail (worn)
 h - a +0 cloak (worn)
 m - a +0 pair of gloves (worn)
Jewellery
 f - a +4 ring of protection (left hand)
 i - a ring of fire
 k - a ring of positive energy (right hand)
 l - a ring of fire
Scrolls
 o - a scroll of identify
Potions
 c - 3 potions of mutation
 d - 2 potions of curing
 j - a potion of resistance {unknown}
 r - a potion of ambrosia {unknown}

Dungeon Overview and Level Annotations

Branches:
Dungeon (6/15)
 Temple: D:4-7

Altars:
Gozag
Makhleb
Ru
Uskayaw
Xom

Shops:
D:3 ?   D:5 [


Message History

The ufetubus closely misses you. x2; The ufetubus completely misses you.
The ufetubus closely misses you.
The ufetubus hits you but does no damage. x2
You shoot a bolt. The bolt hits the ufetubus!!
The bolt burns the ufetubus.
You kill the ufetubus!
The two-headed ogre closely misses you.
The two-headed ogre hits you but does no damage.
The water moccasin bites you but does no damage. x2
The two-headed ogre barely misses you.
The two-headed ogre hits you with a +0 giant club!
You shoot a bolt. The bolt hits the two-headed ogre.
The bolt burns the two-headed ogre.
The two-headed ogre is lightly wounded.
The water moccasin bites you. The water moccasin barely misses you.
The two-headed ogre closely misses you.
The two-headed ogre hits you but does no damage.
The water moccasin bites you but does no damage.
You shoot a bolt. The bolt hits the two-headed ogre!
The bolt burns the two-headed ogre.
The two-headed ogre is heavily wounded.
The water moccasin bites you but does no damage.
The orc wizard gestures wildly while chanting.
The orc wizard flickers and vanishes!
Deactivating autopickup; reactivate with Ctrl-A.
The two-headed ogre hits you with a +0 giant club!
The two-headed ogre hits you but does no damage.
The water moccasin bites you.
You shoot a bolt. The bolt hits the two-headed ogre.
The bolt burns the two-headed ogre.
The two-headed ogre is heavily wounded.
The water moccasin bites you but does no damage.
The water moccasin closely misses you.
The two-headed ogre hits you with a +0 giant club!
The two-headed ogre closely misses you.
The water moccasin bites you but does no damage.
4399 ||| DRINKING potion of heal wounds.
You feel much better. The water moccasin closely misses you.
The two-headed ogre hits you with a +0 giant club! x2
You die...

####.#######.#
#....#
###.##.#
#...#....
#.#%##.###
#...##.#
#.#.##.#
#...##.#
#.#@##.# #.SO#
###S# o{# .#o#
#...# # #.'
.)# #.#


You could see a two-headed ogre, a water moccasin, an adder and 2 orcs.

Vanquished Creatures
  Menkaure (D:5)
  2 ice beasts (D:5)
  A black bear (D:5)
  An ogre (D:5)
  A phantom (D:4)
  2 gnoll sergeants (D:5)
  A scorpion (D:6)
  A howler monkey (D:5)
  2 hounds (D:5)
  2 orc priests
  A sleepcap (D:6)
  2 iguanas (D:5)
  4 orc wizards
  Ijyb (D:3)
  Robin (D:2)
  30 gnolls
  8 adders
  A white imp (D:6)
  3 ufetubi
  2 worms
  3 dart slugs
  21 orcs
  8 endoplasms
  7 giant cockroaches
  9 goblins
  8 hobgoblins
  15 jackals
  3 kobolds
  5 quokkas
  7 ball pythons
  2 bats
  3 frilled lizards
  5 rats
163 creatures vanquished.

Notes
Turn   | Place    | Note
-------+----------+-------------------------------------------
     0 | D:1      | qw the Gargoyle Hunter began the quest for the Orb.
     0 | D:1      | Reached XP level 1. HP: 12/12 MP: 1/1
     0 | D:1      | 0 ||| qw: Version: 0.3-a-83-gcd0e7d8
     0 | D:1      | 0 ||| qw: Game counter: 1570
     0 | D:1      | 0 ||| qw: Melee chars always use a shield: true
     0 | D:1      | 0 ||| qw: God list: Okawaru
     0 | D:1      | 0 ||| qw: Allow faded altars: false
     0 | D:1      | 0 ||| qw: Do Orc after clearing Dungeon:15 true
     0 | D:1      | 0 ||| qw: Do second Lair branch before Depths: true
     0 | D:1      | 0 ||| qw: Lair rune preference: random
     0 | D:1      | 0 ||| qw: Goals: Normal
     0 | D:1      | 0 ||| PLANNING D:1-11
    54 | D:1      | Reached XP level 2. HP: 17/17 MP: 2/2
   483 | D:1      | Reached XP level 3. HP: 21/21 MP: 3/3
   492 | D:1      | Found a faded altar of an unknown god.
   499 | D:1      | 499 ||| UPGRADING to +4 ring of protection.
   500 | D:1      | 500 ||| READING scroll labelled CEH SACAURA.
   500 | D:1      | Identified a scroll of acquirement
   500 | D:1      | 500 ||| ACQUIRING +1 triple crossbow of flaming
   500 | D:1      | Acquired a +1 triple crossbow of flaming
   502 | D:1      | 502 ||| SWAPPING to +1 triple crossbow of flaming.
   503 | D:1      | 503 ||| DROPPING +0 shortbow.
   504 | D:1      | 504 ||| READING scroll labelled XORUOV SAST.
   505 | D:1      | 505 ||| READING scroll labelled USHRES NAEGGO.
   506 | D:1      | 506 ||| DROPPING scroll of butterflies.
   628 | D:2      | Reached skill level 5 in Ranged Weapons
   729 | D:2      | Noticed Robin
   732 | D:2      | Killed Robin
   733 | D:2      | Reached skill level 3 in Fighting
   735 | D:2      | Reached XP level 4. HP: 28/28 MP: 4/4
  1402 | D:2      | 1402 ||| UPGRADING to +0 pair of boots.
  1407 | D:2      | 1407 ||| UPGRADING to +0 helmet.
  1412 | D:2      | 1412 ||| UPGRADING to +0 ring mail.
  1422 | D:2      | 1422 ||| DROPPING +0 leather armour.
  1423 | D:2      | 1423 ||| READING 2 scrolls labelled KEN JIRRUNWAO.
  1426 | D:2      | 1426 ||| DRINKING 2 fizzy grey potions.
  1436 | D:3      | 1436 ||| STAIRDANCE
  1468 | D:3      | Reached skill level 1 in Armour
  1708 | D:3      | 1708 ||| DRINKING 2 potions of curing.
  1708 | D:3      | 1708 ||| (to cure confusion)
  1713 | D:3      | Reached XP level 5. HP: 26/32 MP: 5/5
  1749 | D:3      | Found a shimmering altar of Xom.
  1864 | D:3      | Found a hide-covered altar of Uskayaw.
  2186 | D:3      | Found Qygrimon's Magic Scroll Shop.
  2186 | D:3      | Noticed Ijyb
  2189 | D:3      | Killed Ijyb
  2190 | D:3      | Reached skill level 6 in Ranged Weapons
  2199 | D:3      | 2199 ||| BUYING scroll of identify (26 gold).
  2199 | D:3      | Bought a scroll of identify for 26 gold pieces
  2199 | D:3      | 2199 ||| BUYING scroll of identify (26 gold).
  2199 | D:3      | Bought a scroll of identify for 26 gold pieces
  2199 | D:3      | 2199 ||| BUYING scroll of identify (26 gold).
  2199 | D:3      | Bought a scroll of identify for 26 gold pieces
  2199 | D:3      | 2199 ||| BUYING scroll of identify (26 gold).
  2199 | D:3      | Bought a scroll of identify for 26 gold pieces
  2199 | D:3      | 2199 ||| BUYING scroll of teleportation (39 gold).
  2199 | D:3      | Bought a scroll of teleportation for 39 gold pieces
  2199 | D:3      | 2199 ||| SHOPLISTING scroll of teleportation (39 gold, have
                  | 1).
  2227 | D:3      | 2227 ||| UPGRADING to ring of positive energy.
  2228 | D:3      | 2228 ||| READING 2 scrolls labelled DASAHO XESI.
  2229 | D:3      | 2229 ||| READING scroll labelled NALUCARCH SOEZI.
  2230 | D:3      | 2230 ||| READING scroll labelled WORCHOMMO MOTO.
  2231 | D:3      | 2231 ||| READING 6 scrolls of identify.
  2231 | D:3      | 2231 ||| IDENTIFYING grey potion
  2232 | D:3      | 2232 ||| READING 5 scrolls of identify.
  2232 | D:3      | 2232 ||| IDENTIFYING white potion
  2233 | D:3      | 2233 ||| READING 4 scrolls of identify.
  2233 | D:3      | 2233 ||| IDENTIFYING smoky orange potion
  2234 | D:3      | 2234 ||| READING 3 scrolls of identify.
  2234 | D:3      | 2234 ||| IDENTIFYING bubbling golden potion
  2235 | D:3      | 2235 ||| READING 2 scrolls of identify.
  2235 | D:3      | 2235 ||| IDENTIFYING inky potion
  2236 | D:3      | 2236 ||| DROPPING potion of invisibility.
  2237 | D:3      | 2237 ||| DROPPING potion of lignification.
  2238 | D:3      | 2238 ||| DROPPING scroll of immolation.
  2239 | D:3      | 2239 ||| DROPPING potion of degeneration.
  2240 | D:3      | 2240 ||| DROPPING potion of attraction.
  2370 | D:4      | Noticed a phantom
  2374 | D:4      | Killed a phantom
  2375 | D:4      | Reached XP level 6. HP: 39/39 MP: 6/6
  2411 | D:4      | HP: 9/39 [something (2)]
  2413 | D:4      | HP: 3/39 [something (3)]
  2415 | D:4      | HP: 1/39 [orc wizard/+0 dagger (3)]
  2416 | D:4      | 2416 ||| READING 2 scrolls of teleportation.
  2422 | D:4      | 2422 ||| READING scroll of teleportation.
  2423 | D:4      | 2423 ||| FLEEEEING.
  2424 | D:4      | 2424 ||| FLEEEEING.
  2813 | D:5      | Entered Level 5 of the Dungeon
  2896 | D:5      | Reached skill level 7 in Ranged Weapons
  2896 | D:5      | Reached XP level 7. HP: 44/44 MP: 7/7
  2900 | D:5      | Noticed Menkaure
  2902 | D:5      | Killed Menkaure
  2903 | D:5      | Reached skill level 3 in Armour
  2909 | D:5      | Reached skill level 8 in Ranged Weapons
  2968 | D:5      | Found an opulent altar of Gozag.
  3020 | D:5      | Reached XP level 8. HP: 49/49 MP: 8/8
  3023 | D:5      | Found a sacrificial altar of Ru.
  3023 | D:5      | Found a burning altar of Makhleb.
  3205 | D:5      | 3205 ||| RETREEAATING.
  3206 | D:5      | 3206 ||| STILL RETREEAATING.
  3207 | D:5      | 3207 ||| Stepping ~*~*~tactically~*~*~ (retreating).
  3211 | D:5      | 3211 ||| Stepping ~*~*~tactically~*~*~ (retreating).
  3302 | D:5      | Reached skill level 9 in Ranged Weapons
  3722 | D:5      | Reached skill level 6 in Fighting
  3911 | D:5      | HP: 12/51 [orc/+0 whip (3)]
  4189 | D:5      | Found Ticirac's Armour Shop.
  4192 | D:5      | 4192 ||| BUYING +0 pair of gloves (67 gold).
  4192 | D:5      | Bought a +0 pair of gloves for 67 gold pieces
  4279 | D:5      | 4279 ||| UPGRADING to +0 cloak.
  4284 | D:5      | 4284 ||| UPGRADING to +0 pair of gloves.
  4289 | D:5      | 4289 ||| READING scroll labelled WONKIU PETTAHE.
  4319 | D:5      | 4319 ||| READING 2 scrolls of identify.
  4319 | D:5      | 4319 ||| IDENTIFYING silvery potion
  4391 | D:6      | Noticed a two-headed ogre
  4391 | D:6      | 4391 ||| Stepping ~*~*~tactically~*~*~ (retreating).
  4394 | D:6      | Reached skill level 10 in Ranged Weapons
  4398 | D:6      | HP: 3/51 [two-headed ogre/+0 giant club (15)]
  4399 | D:6      | 4399 ||| DRINKING potion of heal wounds.
  4399 | D:6      | Slain by a two-headed ogre

Levels and vault maps discovered:
D:1:      scummos_arrival_simple_fountains, layout_rooms,
          shapermc_ecumenical_altar_pompeii
D:2:      layout_basic, uniq_robin
D:3:      layout_basic, nicolae_uskayaw_dance_hall, tgw_xom, serial_shops,
          nicolae_shop_rolling_square, uniq_ijyb
D:4:      layout_cave_pools
D:5:      lemuel_castle_with_subvaults [lemuel_castle_interior_original],
          layout_basic, lemuel_round_altar, nicolae_overflow_squiral,
          serial_shops, nicolae_shop_pleasant_corner_grove, uniq_menkaure
D:6:      layout_loops_ring, minmay_temple_entry_poolview,
          hangedman_minor_gate_pass, uniq_duvessa

Skill      XL: |  1  2  3  4  5  6  7  8 |
---------------+-------------------------+-----
Ranged Weapons | 5 6 7 8 10 | 10.0
Fighting       | 3 4 5 6 |  6.0
Armour         | 1 3 |  3.1
Dodging        | 2 |  2.1
Stealth        | |  1.1

Action                     |  1- 3 |  4- 6 |  7- 9 || total
---------------------------+-------+-------+-------++-------
   Fire: Shortbow          |    61 |       |       ||    61
         Triple crossbow   |    35 |   124 |   151 ||   310
    Use: Scroll            |     3 |    11 |     2 ||    16
         Potion            |       |     2 |     1 ||     3
 Armour: Leather armour    |    32 |     2 |       ||    34
         Ring mail         |       |    97 |   194 ||   291
  Dodge: Dodged            |    30 |    49 |   157 ||   236

Table legend:
 A = Non-vault XP
 B = Vault XP
 C = Vault XP percentage of total XP
 D = Non-vault monster count
 E = Vault monster count
 F = Vault count percentage of total count
                 A         B        C        D         E       F
            +---------+---------+-------+---------+---------+-------
      Total |    1208 |    1136 |  48.5 |      91 |      72 |  44.2
            +---------+---------+-------+---------+---------+-------
        D:1 |      34 |       0 |   0.0 |      20 |       0 |   0.0
        D:2 |      52 |      27 |  34.2 |      16 |       7 |  30.4
        D:3 |      61 |      70 |  53.4 |      17 |       6 |  26.1
        D:4 |     266 |       0 |   0.0 |      24 |       0 |   0.0
        D:5 |     717 |     903 |  55.7 |      12 |      55 |  82.1
        D:6 |      78 |     136 |  63.6 |       2 |       4 |  66.7
            +---------+---------+-------+---------+---------+-------
